 Dungeon Sprint DCSS version 0.28-a0-1412-gf95308ed99 (webtiles) character file.

Game seed: 10808244921804597719

37084 mhtbhm the Executioner (level 13, 0/234 HPs)
             Began as a Minotaur Berserker on Jan 7, 2022.
             Was the Champion of Trog.
             Slain by Sopheeb the pandemonium lord (20 damage)
             ... in the Dungeon (Sprint VII: "The Pits").
             The game lasted 00:10:35 (4661 turns).

mhtbhm the Executioner (Minotaur Berserker)         Turns: 4661, Time: 00:10:36

Health: 0/234      AC: 24    Str: 26    XL:     13   Next: 56%
Magic:  12/12      EV: 15    Int:  4    God:    Trog [******]
Gold:   55         SH:  0    Dex: 11    Spells: 12/12 levels left

rFire   + . .      SeeInvis .   a - +5 battleaxe of Trog's Esteem {vorpal, *Slow Fly rC+++}
rCold   + + +      Faith    .   (shield currently unavailable)
rNeg    . . .      Spirit   .   b - +0 gold dragon scales
rPois   +          Reflect  .   (helmet restricted)
rElec   .          Harm     .   (no cloak)
rCorr   .          Rampage  .   (no gloves)
Will    +....      NoTele   +   (no boots)
Stlth   ..........              (no amulet)
HPRegen 0.49/turn               m - +3 ring of protection
MPRegen 0.13/turn               B - ring of willpower

@: agile, berserking, flying, hasted, very quick
A: horns 2, retaliatory headbutt
a: Renounce Religion, Berserk, Trog's Hand, Brothers in Arms


You were in the Dungeon.
You worshipped Trog.
Trog was exalted by your worship.
You visited 1 branch You collected 55 gold pieces.

Inventory:

Hand Weapons
 a - the +5 battleaxe of Trog's Esteem (weapon) {vorpal, *Slow Fly rC+++}
   (Trog gifted it to you in the Dungeon)

   It inflicts extra damage upon your enemies.
   rC:        It renders you almost immune to cold.
   Fly:       It grants you flight.
   *Slow:     It may slow you when you take damage.
 C - a +5 battleaxe of flaming
 E - the +6 quarterstaff of Zotih {holy, *Rage Str+2 SInv Stlth+}
   (You found it in the Dungeon)

   It has been blessed by the Shining One to cause great damage to the undead
   and demons.
   Str:       It affects your strength (+2).
   SInv:      It lets you see invisible.
   *Rage:     It berserks you when you make melee attacks (+20% chance).
   Stlth:     It makes you more stealthy.
Missiles
 k - a curare-tipped dart (quivered)
 l - 6 boomerangs
 r - 4 poisoned darts
Armour
 b - +0 gold dragon scales (worn)
Jewellery
 m - a +3 ring of protection (left hand)
 y - a ring of positive energy
 B - a ring of willpower (right hand)
Wands
 h - a wand of flame (16)
Scrolls
 j - a scroll of summoning
 s - 4 scrolls of fear
 t - 2 scrolls of enchant weapon
 u - 2 scrolls of enchant armour
 v - 2 scrolls of fog
 w - 2 scrolls of blinking
 A - a scroll of identify
Potions
 c - 8 potions of curing
 d - 7 potions of heal wounds
 e - a potion of haste
 f - 4 potions of magic
 g - 6 potions of berserk rage
 i - 3 potions of invisibility
 o - 2 potions of resistance
 p - 3 potions of might
 q - 6 potions of mutation
 F - a potion of flight {unknown}
Miscellaneous
 z - a tin of tremorstones (2/2)
 D - a piece from Xom's chessboard (15/15)
 G - a phantom mirror


   Skills:
 + Level 26.1 Fighting
 + Level 26.2 Axes
 + Level 16.9 Armour
 + Level 13.9 Dodging
 - Level 2.5 Stealth
 + Level 3.0 Evocations


You had 12 spell levels left.
You didn't know any spells.
Your spell library was empty.

Dungeon Overview and Level Annotations

Branches:
Dungeon (1/1)

Altars:
Gozag
Hepliaklqana
Sif Muna
Trog
Jiyva


Innate Abilities, Weirdness & Mutations

You have a pair of horns on your head.
You reflexively headbutt those who attack you in melee.


Message History

You are engulfed in seething chaos.
You feel more agile all of a sudden.
Sopheeb tramples you but does no damage.
Your cyclops rages.
You barely miss Sopheeb. Your headbutt misses Sopheeb.
Sopheeb is lightly wounded.
You are engulfed in seething chaos.
Sopheeb tramples you!!
You hold your ground!
You completely miss Sopheeb. Your headbutt misses Sopheeb.
Sopheeb is lightly wounded.
You are engulfed in seething chaos.
You feel as though your hastened speed will last longer.
Sopheeb tramples you!
You hold your ground!
You barely miss Sopheeb.
Sopheeb is lightly wounded.
You are engulfed in seething chaos.
Unknown command.
You slice Sopheeb!!
Sopheeb is lightly wounded.
You are engulfed in seething chaos.
Sopheeb tramples you!!
* * * LOW HITPOINT WARNING * * *
You hold your ground!
You slash Sopheeb!
Sopheeb is moderately wounded.
You are engulfed in seething chaos.
Sopheeb barely misses you.
Unknown command.
Press: ? - help, v - describe, . - travel
Here: Sopheeb (moderately wounded, surrounded by chaotic energy, ally target)
The floor, spattered with blood.
You closely miss Sopheeb.
Sopheeb is moderately wounded.
You are engulfed in seething chaos.
Sopheeb tramples you!!!
* * * LOW HITPOINT WARNING * * *
You hold your ground!
You slice Sopheeb!!
Sopheeb is moderately wounded.
You are engulfed in seething chaos.
You feel as though your hastened speed will last longer.
Sopheeb tramples you!!
You die...

#+# #.# #ยง# #&#
#@# #C# #)# #)#
#)#
################'#
.....)...........#
.....[.......)...#
+##############..#


You could see Sopheeb (clouds, ally target) and a friendly cyclops (summoned,
berserk).

Vanquished Creatures
  A pandemonium lord (D)
  Frederick (D)
  A golden dragon (D)
  A balrug (D)
  2 vampire knights (D)
  A black draconian (D)
  2 hydras (D)
  A catoblepas (D)
  A boulder beetle (D)
  Erolcha (D)
  An alligator snapping turtle (D)
  A dancing weapon (D)
  3 death knights (D)
  A death yak (D)
  A vampire mage (D)
  4 skeletal warriors (D)
  2 sea snakes (D)
  A deep troll (D)
  2 orc sorcerers (D)
  A necromancer (D)
  Pikel (D)
  2 orc knights (D)
  A wolf spider (D)
  A manticore (D)
  An elephant (D)
  A guardian serpent (D)
  A molten gargoyle (D)
  A black mamba (D)
  An orange demon (D)
  A smoke demon (D)
  A demonic crawler (D)
  An efreet (D)
  A komodo dragon (D)
  A hellwing (D)
  A red devil (D)
  A tyrant leech (D)
  A hornet (D)
  10 blink frogs (D)
  A jumping spider (D)
  A fire bat (D)
  4 yaks (D)
  A fire elemental (D)
  A large abomination (D)
  A redback (D)
  A steam dragon (D)
  4 vampire mosquitoes (D)
  A warg (D)
  A neqoxec (D)
  A black bear (D)
  An orc warrior (D)
  An ice beast (D)
  A necrophage (D)
  4 wolves (D)
  2 kobold brigands (D)
  A gnoll sergeant (D)
  2 small abominations (D)
  9 killer bees (D)
  3 wights (D)
  An orc priest (D)
  2 hounds (D)
  An iguana (D)
  3 orc wizards (D)
  4 gnolls (D)
  An adder (D)
  2 ufetubi (D)
  An adder zombie (D)
  A worm (D)
  9 orcs (D)
  A goblin (D)
  A kobold (D)
  2 quokkas (D)
  A ball python simulacrum (D)
  A ball python zombie (D)
  2 frilled lizards (D)
  A jackal zombie (D)
  A quokka simulacrum (D)
  A quokka skeleton (D)
  3 rats (D)
137 creatures vanquished.

Vanquished Creatures (collateral kills)
  Harold (D)
  2 skeletal warriors (D)
  A cyclops (D)
  An elephant (D)
  A demonic crawler (D)
  An ice devil (D)
  A freezing wraith (D)
  A wandering mushroom (D)
  An orc warrior (D)
  A killer bee (D)
  A river rat (D)
12 creatures vanquished.

Grand Total: 149 creatures vanquished

Notes
Turn   | Place    | Note
-------+----------+-------------------------------------------
     0 | D        | mhtbhm the Minotaur Berserker began the quest for the Orb.
     0 | D        | Reached XP level 1. HP: 19/19 MP: 0/0
   157 | D        | Reached ** piety under Trog
   158 | D        | Reached XP level 2. HP: 9/28 MP: 1/1
   482 | D        | Noticed a wight
   482 | D        | Noticed a wight
   482 | D        | Noticed a wight
   486 | D        | Killed a wight
   487 | D        | Reached XP level 3. HP: 26/38 MP: 2/2
   488 | D        | Reached *** piety under Trog
   489 | D        | Reached XP level 4. HP: 14/47 MP: 3/3
   490 | D        | Reached XP level 5. HP: 16/53 MP: 4/4
   491 | D        | Reached **** piety under Trog
   747 | D        | Noticed a black bear
   747 | D        | Noticed a fire bat
   754 | D        | Killed a fire bat
   754 | D        | Killed a black bear
   755 | D        | Reached skill level 10 in Fighting
   755 | D        | Reached skill level 5 in Armour
   755 | D        | Reached skill level 5 in Dodging
   755 | D        | Reached XP level 6. HP: 48/67 MP: 5/5
   759 | D        | Reached ***** piety under Trog
   868 | D        | Noticed Pikel
   883 | D        | Killed Pikel
   884 | D        | Reached XP level 7. HP: 73/77 MP: 6/6
   920 | D        | Identified the +4 quarterstaff of Ocveppi {flame, rC+}
                  | (Trog gifted it to you in the Dungeon)
   920 | D        | Received a gift from Trog
  1031 | D        | Noticed a hellwing
  1031 | D        | Noticed a hornet
  1037 | D        | Killed a hornet
  1038 | D        | Reached XP level 8. HP: 85/85 MP: 7/7
  1042 | D        | Reached skill level 15 in Axes
  1047 | D        | Killed a hellwing
  1145 | D        | Found a bloodstained altar of Trog.
  1145 | D        | Found a shimmering blue altar of Sif Muna.
  1145 | D        | Found a viscous altar of Jiyva.
  1145 | D        | Found a hazy altar of Hepliaklqana.
  1145 | D        | Found an opulent altar of Gozag.
  1168 | D        | Noticed an efreet
  1169 | D        | Noticed a molten gargoyle
  1177 | D        | Killed a molten gargoyle
  1180 | D        | Killed an efreet
  1181 | D        | Reached XP level 9. HP: 95/95 MP: 8/8
  1243 | D        | Noticed a sea snake
  1243 | D        | Noticed a komodo dragon
  1246 | D        | Killed a komodo dragon
  1249 | D        | Killed a sea snake
  1249 | D        | Received a gift from Trog
  1250 | D        | Reached skill level 15 in Fighting
  1293 | D        | Noticed a vampire knight
  1294 | D        | Noticed a wolf spider
  1299 | D        | Killed a wolf spider
  1303 | D        | Killed a vampire knight
  1304 | D        | Reached XP level 10. HP: 107/107 MP: 9/9
  1443 | D        | Reached ****** piety under Trog
  1443 | D        | Identified the +6 triple sword "Danyuxec" {flame, *Slow
                  | rPois rF+ rCorr} (Trog gifted it to you in the Dungeon)
  1443 | D        | Received a gift from Trog
  1459 | D        | Reached skill level 10 in Dodging
  1674 | D        | Noticed an orc sorcerer
  1675 | D        | Noticed an orange demon
  1680 | D        | Killed an orc sorcerer
  1680 | D        | Received a gift from Trog
  1689 | D        | Noticed a smoke demon
  1690 | D        | Noticed a death yak
  1691 | D        | Noticed a sea snake
  1700 | D        | Killed a smoke demon
  1713 | D        | HP: 4/111 [poisoned by a sea snake]
  1743 | D        | Received a gift from Trog
  1748 | D        | Killed a death yak
  1751 | D        | Killed a sea snake
  1978 | D        | Received a gift from Trog
  1979 | D        | Reached XP level 11. HP: 121/121 MP: 10/10
  1993 | D        | Received a gift from Trog
  2111 | D        | Noticed a deep troll
  2114 | D        | Killed a deep troll
  2114 | D        | Noticed Erolcha
  2115 | D        | Reached skill level 10 in Armour
  2117 | D        | Received a gift from Trog
  2121 | D        | Reached skill level 1 in Stealth
  2126 | D        | Killed Erolcha
  2152 | D        | Identified the +5 battleaxe of Trog's Esteem {vorpal, *Slow
                  | Fly rC+++} (Trog gifted it to you in the Dungeon)
  2152 | D        | Received a gift from Trog
  2403 | D        | Noticed a death knight
  2403 | D        | Noticed a necromancer
  2409 | D        | Received a gift from Trog
  2418 | D        | Killed a death knight
  2418 | D        | Received a gift from Trog
  2427 | D        | Killed a necromancer
  2642 | D        | Noticed a boulder beetle
  2642 | D        | Noticed a vampire knight
  2643 | D        | Noticed an orc knight
  2644 | D        | Noticed a five-headed hydra
  2647 | D        | Received a gift from Trog
  2655 | D        | Killed a vampire knight
  2656 | D        | Received a gift from Trog
  2660 | D        | Killed a seven-headed hydra
  2661 | D        | Killed an orc knight
  2662 | D        | Reached XP level 12. HP: 71/136 MP: 11/11
  3049 | D        | Killed a boulder beetle
  3049 | D        | Received a gift from Trog
  3278 | D        | Noticed a seven-headed hydra
  3278 | D        | Noticed a death knight
  3278 | D        | Noticed a black draconian
  3282 | D        | Killed a nine-headed hydra
  3291 | D        | Killed a death knight
  3298 | D        | Killed a black draconian
  3298 | D        | Received a gift from Trog
  3708 | D        | Got the +6 quarterstaff of Zotih {holy, *Rage Str+2 SInv
                  | Stlth+}
  3739 | D        | Noticed a catoblepas
  3743 | D        | Killed a catoblepas
  3743 | D        | Noticed a golden dragon
  3749 | D        | Killed a golden dragon
  3756 | D        | Received a gift from Trog
  3771 | D        | Received a gift from Trog
  3773 | D        | Reached XP level 13. HP: 63/151 MP: 12/12
  3780 | D        | Reached skill level 1 in Evocations
  3782 | D        | Noticed Harold
  3797 | D        | Received a gift from Trog
  3803 | D        | Killed Harold
  4104 | D        | Noticed a balrug
  4108 | D        | Killed a balrug
  4109 | D        | Reached skill level 15 in Armour
  4266 | D        | Noticed Frederick
  4280 | D        | Killed Frederick
  4439 | D        | Noticed Parroj the pandemonium lord
  4450 | D        | Killed Parroj the pandemonium lord
  4450 | D        | Received a gift from Trog
  4648 | D        | Noticed Sopheeb the pandemonium lord
  4661 | D        | Slain by Sopheeb the pandemonium lord

Illustrated notes

Levels and vault maps discovered:
D:        pitsprint [storerooms_1, entrance_room_1, metal_vault_4, armoury_1,
          mini_pit_1, grid_room_1, main_hall_1, silver_pit, the_coven_1,
          the_vestibule_1, steel_vault_5, golden_pit, hallway_of_sentries,
          crystal_vault_3, iron_vault_5, final_vault]

Skill      XL: |  1  2  3  4  5  6  7  8  9 10 11 12 13 |
---------------+----------------------------------------+-----
Fighting       | 4 6 7 8 10 12 14 16 18 21 24 26 | 26.1
Axes           | 4 6 7 8 11 13 14 16 19 21 23 25 26 | 26.2
Armour         | 3 4 5 6 7 8 9 11 13 16 | 16.9
Dodging        | 3 4 5 6 7 8 9 10 12 13 | 13.9
Stealth        | 2 |  2.5
Evocations     | 3 |  3.0

Action                   |  1- 3 |  4- 6 |  7- 9 | 10-12 | 13-15 || total
-------------------------+-------+-------+-------+-------+-------++-------
Melee: Hand axe          |    15 |    30 |    29 |       |       ||    74
       Punch             |       |     3 |       |     2 |       ||     5
       Headbutt          |       |     5 |     8 |    38 |     7 ||    58
       Broad axe         |       |       |    17 |    90 |       ||   107
       Battleaxe         |       |       |       |    93 |    42 ||   135
Invok: Berserk           |     1 |       |     4 |     7 |     4 ||    16
       Trog's Hand       |       |       |       |     1 |     1 ||     2
       Brothers in Arms  |       |       |       |     2 |     3 ||     5
Evoke: Tin of tremorston |       |       |       |     2 |     2 ||     4
       Piece from Xom's  |       |       |       |       |     1 ||     1
  Use: Potion            |       |       |       |     4 |     3 ||     7
       Scroll            |       |       |       |     1 |       ||     1
Armor: Animal skin       |     4 |       |       |       |       ||     4
       Scale mail        |       |    11 |    14 |    51 |       ||    76
       Chain mail        |       |       |       |    12 |    15 ||    27
       Gold dragon scale |       |       |       |       |     5 ||     5
Dodge: Dodged            |    13 |    18 |    17 |   125 |    21 ||   194

Table legend: (Time is in decaauts)
 A = Elapsed time spent in this place.
 B = Non-inter-level travel time spent in this place.
 C = Inter-level travel time spent in this place.
 D = Time resting spent in this place.
 E = Time spent auto-exploring this place.
 F = Levels seen in this place.
 G = Mean time per level.
                   A        B        C        D        E       F      G
               +--------+--------+--------+--------+--------+-----+--------+
         Total |   4716 |   4716 |      0 |   3160 |    208 |   1 | 4716.0 |
       Dungeon |   4716 |   4716 |      0 |   3160 |    208 |   1 | 4716.0 |
               +--------+--------+--------+--------+--------+-----+--------+

Top non-repeatable levels by time:
       D: 4716 daAuts
